 Dungeon Crawl Stone Soup version 0.27-a0-1555-g0e7b3fb1d2 (webtiles) character file.

Game seed: 16001887041725017186

0 blackman the Covered (level 1, 15/15 HPs)
             Began as a Human Wanderer on July 14, 2021.
             Quit the game on level 1 of the Dungeon.
             The game lasted 00:00:34 (7 turns).

blackman the Covered (Human Wanderer)                  Turns: 7, Time: 00:00:35

Health: 15/15      AC:  2    Str: 12    XL:     1   Next: 0%
Magic:  1/1        EV: 11    Int: 11    God:
Gold:   0          SH:  0    Dex: 13    Spells: 0/0 levels left

rFire    . . .     SeeInvis .   a - +2 shortbow
rCold    . . .     Faith    .   (shield currently unavailable)
rNeg     . . .     Spirit   .   c - +0 robe
rPois    .         Reflect  .   (no helmet)
rElec    .         Harm     .   (no cloak)
rCorr    .         Rampage  .   (no gloves)
Will     .....                  (no boots)
Stlth    ++........             (no amulet)
HPRegen  0.05/turn              (no ring)
MPRegen  0.07/turn              (no ring)

@: no status effects
A: no striking features
a: no special abilities


You were on level 1 of the Dungeon.
You visited 1 branch of the dungeon, and saw 1 of its levels.

Inventory:

Hand Weapons
 a - a +2 shortbow (weapon)
Missiles
 b - 22 arrows (quivered ammo)
Armour
 c - a +0 robe (worn)


   Skills:
 - Level 1.0 Fighting
 + Level 3.0 Bows
 + Level 1.0 Crossbows
 + Level 1.0 Throwing
 + Level 3.0 Armour
 - Level 1.0 Stealth


You couldn't memorise any spells.
You didn't know any spells.
Your spell library contained the following spells:

 Spells                   Type           Power      Damage    Failure   Level
 Animate Skeleton         Necr           0%         N/A       34%         1
 Summon Small Mammal      Summ           0%         N/A       34%         1
 Call Canine Familiar     Summ           0%         N/A       71%         3
 Summon Guardian Golem    Hex/Summ       0%         N/A       71%         3
 Vampiric Draining        Necr           0%         2d6       71%         3
 Orb of Destruction       Conj           0%         N/A       100%        7
 Spellforged Servitor     Conj/Summ      0%         N/A       100%        7


Dungeon Overview and Level Annotations

Branches:
Dungeon (1/15)

Altars:


Message History

You add the spells Vampiric Draining and Animate Skeleton to your library.
You add the spells Call Canine Familiar and Summon Small Mammal to your library.
Welcome, blackman the Human Wanderer.
The bosom of this dungeon contains the transcendent artefact, the Orb of Zot.
Press ? for a list of commands and other information.
Found 5 large rocks, a book of Dangerous Friends and 13 gold pieces.
Found a staircase leading out of the dungeon.
You begin with the following items: a +2 shortbow, 22 arrows, a +0 robe; and the following spells available to memorise: Animate Skeleton, Summon Small Mammal, Call Canine Familiar, Vampiric Draining.
The demigod shouts!
The djinni shouts!
The vine stalker shouts!
The draconian roars!
The palentonga shouts!
The draconian roars!
Unknown command.
Unknown command.
No reachable target in view!
Press: ? - help, v - describe, . - travel
Here: a kraken (water, indifferent, fire blocked by a translucent stone wall) Some deep water.
Unknown command.
Unknown command.
The felid hisses angrily.
The octopode shouts!
The djinni hits the kraken but does no damage.
Found 7 gold pieces.
The kraken bites the vine stalker.
The kraken misses the vine stalker.
Something hits the kraken but does no damage.
The kraken barely misses the vine stalker.
Something barely misses the vine stalker.
You pick up a book of Dangerous Friends and begin reading...
You add the spells Summon Guardian Golem, Orb of Destruction and Spellforged Servitor to your library.
Unknown command.
Unknown command.
Are you sure you want to abandon this character and quit the game? (Confirm with "yes".)

#######...........
#..p.M#...........
#i≈≈≈h#...........
#.≈≈≈d#.<.###...$.
#.9XRx#......(...
#d.RfH#......##.
#######......#
.............#
............@#
##.###.......# #.
#.......#
#########


You could see a draconian, an octopode, a palentonga, a mummy and a felid.

Vanquished Creatures (others)
  A vine stalker (D:1)
1 creature vanquished.

Notes
Turn   | Place    | Note
-------+----------+-------------------------------------------
     0 | D:1      | blackman the Human Wanderer began the quest for the Orb.
     0 | D:1      | blackman set off with the following items: a +2 shortbow,
                  | 22 arrows, a +0 robe; and the following spells available to
                  | memorise: Animate Skeleton, Summon Small Mammal, Call
                  | Canine Familiar, Vampiric Draining
     0 | D:1      | Reached XP level 1. HP: 15/15 MP: 1/1
     0 | D:1      | Noticed a demigod
     0 | D:1      | Noticed a felid
     0 | D:1      | Noticed a spriggan
     0 | D:1      | Noticed a draconian
     0 | D:1      | Noticed a djinni
     0 | D:1      | Noticed a kraken
     0 | D:1      | Noticed a gargoyle
     0 | D:1      | Noticed a draconian
     0 | D:1      | Noticed a djinni
     0 | D:1      | Noticed a vine stalker
     0 | D:1      | Noticed a palentonga
     0 | D:1      | Noticed an octopode
     5 | D:1      | Killed a vine stalker
     7 | D:1      | Quit the game

Illustrated notes

Levels and vault maps discovered:
D:1:      nicolae_arrival_kraken_aquarium_a, layout_loops_cross,
          serial_co_window_serial, co_window_corner_a, co_window_corner_a,
          co_window_corner_a, co_window_paths_a, co_window_paths_a,
          co_window_corner_b, co_window_of_opportunity_b, co_window_corner_ca,
          glass_columns_a, glass_columns_c, serial_shops,
          nicolae_shop_overgrown_old_shop

Table legend: (Time is in decaauts)
 A = Elapsed time spent in this place.
 B = Non-inter-level travel time spent in this place.
 C = Inter-level travel time spent in this place.
 D = Time resting spent in this place.
 E = Time spent auto-exploring this place.
 F = Levels seen in this place.
 G = Mean time per level.
                   A        B        C        D        E       F      G
               +--------+--------+--------+--------+--------+-----+--------+
         Total |      7 |      7 |      0 |      0 |      5 |   1 |    7.0 |
       Dungeon |      7 |      7 |      0 |      0 |      5 |   1 |    7.0 |
               +--------+--------+--------+--------+--------+-----+--------+

Top non-repeatable levels by time:
     D:1: 7 daAuts
